 Dungeon Crawl Stone Soup version 0.22.0-38-g04b72b8 (webtiles) character file.

3497 dvd the Basher (level 9, -11/89 HPs)
             Began as a Troll Berserker on Aug 28, 2018.
             Was a High Priest of Trog.
             Mangled by an ogre
             ... wielding a +0 giant club
              (23 damage)
             ... on level 8 of the Dungeon.
             The game lasted 00:16:12 (5346 turns).

dvd the Basher (Troll Berserker)                    Turns: 5346, Time: 00:16:12

Health: -11/89     AC:  7    Str: 27    XL:     9   Next: 80%
Magic:  8/8        EV: 12    Int:  4    God:    Trog [*****.]
Gold:   624        SH:  2    Dex: 11    Spells: 8/8 levels left

rFire    . . .     SeeInvis .   a - +1 dire flail
rCold    . . .     Gourm    +   (shield currently unavailable)
rNeg     . . .     Faith    .   b - +1 animal skin
rPois    .         Spirit   .   (helmet restricted)
rElec    .         Reflect  +   K - +0 cloak
rCorr    .         Harm     .   (gloves unavailable)
MR       ++...                  (boots unavailable)
Stlth    ++........             t - +2 amulet of reflection
HPRegen  1.64/turn              (no ring)
MPRegen  0.11/turn              (no ring)

@: regenerating
A: large, unfitting armour, claws 3, fast metabolism 3, gourmand, regeneration
1, shaggy fur 1, tough skin 2
a: Berserk, Trog's Hand, Brothers in Arms, Renounce Religion


You were on level 8 of the Dungeon.
You worshipped Trog.
Trog was extremely pleased with you.
You were very full.

You visited 1 branch of the dungeon, and saw 8 of its levels.
You also visited: Ossuary.

You collected 624 gold pieces.

Inventory:

Hand Weapons
 a - a +1 dire flail (weapon)
 i - a +0 hand axe
 m - a +0 giant spiked club
 D - a +0 hand axe of chopping
Missiles
 F - 5 large rocks (quivered)
Armour
 b - a +1 animal skin (worn)
 K - a +0 cloak (worn)
Jewellery
 t - a +2 amulet of reflection (around neck)
Wands
 n - a wand of flame (16)
 v - a wand of scattershot (5)
 J - a wand of paralysis (8)
Scrolls
 d - 4 scrolls of teleportation
 g - 5 scrolls of magic mapping
 h - 14 scrolls of identify
 l - 2 scrolls of fog
 r - 4 scrolls of remove curse
 s - 3 scrolls of noise {unknown}
 u - 2 scrolls of fear {unknown}
 x - 3 scrolls of amnesia {unknown}
 y - a scroll of random uselessness {unknown}
 G - 2 scrolls of enchant armour
Potions
 e - a potion of flight {unknown}
 f - a potion of degeneration {unknown}
 j - 2 potions of might {unknown}
 k - a potion of haste
 o - 2 potions of resistance {unknown}
 q - 3 potions of berserk rage {unknown}
 w - 3 potions of curing
 z - a potion of ambrosia {unknown}
 A - 2 potions of lignification {unknown}
 B - a potion of invisibility {unknown}
 C - a potion of agility {unknown}
 E - a potion of heal wounds {unknown}
 H - 2 potions of magic {unknown}
 I - a potion of brilliance {unknown}
Comestibles
 c - 15 rations
 p - 4 chunks of flesh


   Skills:
 + Level 5.7 Fighting
 + Level 2.0(5.6) Axes
 + Level 9.1(9.2) Maces & Flails
 + Level 4.4 Throwing
 + Level 5.1 Dodging
 + Level 1.3 Stealth
 + Level 0.2 Evocations


You had 8 spell levels left.
You didn't know any spells.
Your spell library was empty.

Dungeon Overview and Level Annotations

Branches:
Dungeon (8/15)             Temple (0/1) D:6
   Lair: D:8-11

Altars:
Dithmenos
Fedhas
Nemelex Xobeh
Okawaru
Yredelemnul

Shops:
D:4 *


Innate Abilities, Weirdness & Mutations

You are too large for most types of armour.
You have claws for hands.
Your metabolism is lightning-fast.
You like to eat raw meat.
Your natural rate of healing is unusually fast.
You are covered in fur. (AC +1)
You have very tough skin. (AC +2)


Message History

The centaur is almost dead.
The centaur misses you.
The orc priest hits you from afar with a trident.
You hit the centaur but do no damage.
The centaur is almost dead.
The centaur misses you.
The orc priest hits you from afar with a trident.
The ogre hits you with a giant club!
* * * LOW HITPOINT WARNING * * *
Your skin crawls.
You feel resistant to hostile enchantments.
You feel sick. The centaur hits you!
* * * LOW HITPOINT WARNING * * *
The centaur hits you!
* * * LOW HITPOINT WARNING * * *
The orc priest hits you from afar with a trident.
* * * LOW HITPOINT WARNING * * *
It was a potion of curing.
You feel better. The centaur barely misses you.
The ogre hits you with a giant club!!
You die...

# ........
#........
##.......
..#.... .....
... #c# # #@# #.
#O## ##.##o.##
.........#######
######
....#..........#
#<.... .##
##...#####.#
#.#### ##.## #.#
# #.# #[# # #.#
#.# #


You could see an ogre, a centaur and an orc priest.

Vanquished Creatures
  Maurice (D:8)
  A hippogriff (D:7)
  4 humans (D:6)
  Menkaure (D:7)
  2 ice beasts
  A necrophage (D:6)
  3 phantoms
  A centaur (D:8)
  A big kobold (D:7)
  3 bullfrogs
  A scorpion (D:4)
  4 killer bees (D:8)
  2 howler monkeys (D:7)
  2 jellies
  A quasit (D:8)
  2 hounds
  2 orc priests
  A bullfrog skeleton (D:5)
  2 orc wizards (D:5)
  A centaur skeleton (D:4)
  Terence (D:2)
  Natasha (thrice) (D:4)
  3 iguanas
  8 worker ants
  Ijyb (D:5)
  A killer bee zombie (D:8)
  2 hound zombies
  8 mummies (Ossuary)
  11 adders
  8 gnolls
  2 shadow imps
  An ooze (D:4)
  2 adder skeletons
  4 worms
  5 dart slugs
  7 leopard geckos
  13 orcs
  9 bats (D:3)
  3 giant cockroaches
  6 goblins
  4 hobgoblins
  10 kobolds
  3 quokkas
  9 frilled lizards
  2 hobgoblin zombies (Ossuary)
  4 kobold zombies (Ossuary)
  A leopard gecko skeleton (D:4)
  2 orc zombies (Ossuary)
  A quokka zombie (D:5)
  6 rats
176 creatures vanquished.

Notes
Turn   | Place    | Note
-------+----------+-------------------------------------------
     0 | D:1      | dvd the Troll Berserker began the quest for the Orb.
     0 | D:1      | Reached XP level 1. HP: 22/22 MP: 0/0
   164 | D:1      | Reached XP level 2. HP: 29/29 MP: 1/1
   197 | D:1      | Reached skill level 3 in Maces & Flails
   440 | D:2      | Reached XP level 3. HP: 36/36 MP: 2/2
   552 | D:2      | Reached ** piety under Trog
   559 | D:2      | Found a faded altar of an unknown god.
   722 | D:2      | Found a basalt altar of Yredelemnul.
   795 | D:2      | Found a shadowy altar of Dithmenos.
   910 | D:2      | Reached XP level 4. HP: 43/44 MP: 3/3
  1022 | D:2      | Noticed Terence
  1036 | D:2      | Killed Terence
  1568 | D:3      | Reached XP level 5. HP: 50/53 MP: 4/4
  1839 | D:4      | Reached skill level 4 in Maces & Flails
  2035 | D:4      | Reached *** piety under Trog
  2048 | D:4      | Reached XP level 6. HP: 56/61 MP: 5/5
  2094 | D:4      | Noticed Natasha
  2104 | D:4      | Killed Natasha
  2104 | D:4      | Noticed Natasha
  2115 | D:4      | Killed Natasha
  2144 | D:4      | Noticed Natasha
  2157 | D:4      | Killed Natasha
  2157 | D:4      | Reached skill level 5 in Maces & Flails
  2201 | D:4      | Reached XP level 7. HP: 47/68 MP: 6/6
  2214 | D:4      | Found Eric's General Store.
  2379 | D:5      | Entered Level 5 of the Dungeon
  2443 | D:5      | Found a sparkling altar of Nemelex Xobeh.
  2757 | D:5      | Found a sand-covered staircase.
  2771 | D:5      | Reached skill level 6 in Maces & Flails
  2832 | Ossuary  | Entered an ossuary
  2862 | Ossuary  | Reached **** piety under Trog
  3155 | D:5      | Noticed Ijyb
  3156 | D:5      | Killed Ijyb
  3647 | D:6      | Reached XP level 8. HP: 65/79 MP: 7/7
  3691 | D:6      | Reached skill level 1 in Throwing
  3694 | D:6      | Reached skill level 7 in Maces & Flails
  3708 | D:6      | Received a gift from Trog
  3714 | D:6      | Reached skill level 1 in Axes
  3782 | D:6      | Found a blossoming altar of Fedhas.
  3785 | D:6      | Reached skill level 5 in Fighting
  3868 | D:6      | Found a staircase to the Ecumenical Temple.
  4199 | D:7      | Noticed Menkaure
  4202 | D:7      | Killed Menkaure
  4202 | D:7      | Reached skill level 8 in Maces & Flails
  4202 | D:7      | Reached XP level 9. HP: 45/88 MP: 8/8
  4790 | D:7      | Found an iron altar of Okawaru.
  5105 | D:8      | Noticed Maurice
  5286 | D:8      | Killed Maurice
  5286 | D:8      | Reached ***** piety under Trog
  5286 | D:8      | Reached skill level 5 in Dodging
  5286 | D:8      | Reached skill level 1 in Stealth
  5326 | D:8      | Reached skill level 9 in Maces & Flails
  5345 | D:8      | HP: 4/89 [orc priest/trident (4)]
  5346 | D:8      | Mangled by an ogre

Skill      XL: |  1  2  3  4  5  6  7  8  9 |
---------------+----------------------------+-----
Maces & Flails | 3 4 5 6 8 9 |  9.1
Dodging        | 3 4 5 |  5.1
Fighting       | 3 4 5 |  5.7
Throwing       | 3 4 |  4.4
Axes           | 1 2 |  2.0
Stealth        | 1 |  1.3
Evocations     | |  0.2

Action                   |  1- 3 |  4- 6 |  7- 9 || total
-------------------------+-------+-------+-------++-------
Melee: Mace              |    76 |       |       ||    76
       Dire flail        |    32 |   170 |   276 ||   478
       Giant spiked club |     2 |       |       ||     2
       Hand axe          |       |       |    21 ||    21
Throw: Large rock        |       |       |    47 ||    47
       Javelin           |       |       |    23 ||    23
Invok: Berserk           |       |     2 |     2 ||     4
       Trog's Hand       |       |     1 |     2 ||     3
Evoke: Wand              |       |       |     4 ||     4
  Use: Scroll            |       |     9 |       ||     9
       Potion            |       |       |     1 ||     1
 Stab: Paralysed         |       |       |     4 ||     4
  Eat: Chunk             |    14 |    13 |    33 ||    60
Armor: Animal skin       |    30 |   115 |    79 ||   224
Dodge: Dodged            |    47 |   127 |   158 ||   332
Block: Other             |       |     4 |    19 ||    23
       Reflection        |       |       |     2 ||     2
